 Dungeon Crawl Stone Soup version 0.31-a0-569-g7ea453304b (webtiles) character file.

Game seed: 9695955198624237865

30357 Gargoyl the Cleaver (level 13, 0/68 HPs)
             Began as a Gargoyle Berserker on Aug 18, 2023.
             Was a Priest of Trog.
             Slain by a large abomination (22 damage)
             ... while paralysed by you
             ... on level 3 of the Abyss.
             The game lasted 00:24:23 (10283 turns).

Gargoyl the Cleaver (Gargoyle Berserker)           Turns: 10283, Time: 00:24:24

Health: 0/68       AC: 30    Str: 21      XL:     13   Next: 51%
Magic:  11/11      EV:  2    Int: 12 (14) God:    Trog [***...]
Gold:   455        SH:  0    Dex: 12      Spells: 12/12 levels left

rFire   . . .        G - +3 broad axe (elec)
rCold   . . .        F - +0 kite shield
rNeg    + + .        w - +0 scale mail of the Akabeko {Fly rCorr Dex+2}
rPois   ∞            e - +2 helmet
rElec   +            z - +2 cloak {Will+}
rCorr   +            p - +2 pair of gloves
SInv    .            v - +1 pair of boots
Will    +++..        c - amulet of regeneration Stlth
                     g - ring of positive energy
HPRegen 2.11/turn    u - +5 ring of evasion
MPRegen 0.12/turn

%: no passive effects
@: paralysed, about to teleport, strong-willed, flying, regenerating
A: sickness immunity, AC +9, negative energy resistance 1, electricity
resistance, torment resistance 1, petrification resistance, iridescent scales 1,
clever 1, deformed body, low MP 1, [frail 2]
a: Renounce Religion, Berserk, Trog's Hand


You were on level 3 of the Abyss.
You worshipped Trog.
Trog was most pleased with you.
You visited 2 branches of the dungeon, and saw 12 of its levels.
You visited the Abyss 1 time.
You also visited: Sewer and Ossuary.

You collected 699 gold pieces.
You spent 244 gold pieces at shops.

Inventory:

Hand Weapons
 a - a +2 hand axe of freezing
 h - a +3 flail
 m - a +2 hammer of holy wrath
 G - a +3 broad axe of electrocution (weapon)
Missiles
 b - 87 poisoned darts
 C - a curare-tipped dart (quivered)
Armour
 e - a +2 helmet (worn)
 p - a +2 pair of gloves (worn)
 v - a +1 pair of boots (worn)
 w - the +0 scale mail of the Akabeko (worn) {Fly rCorr Dex+2}
   (You found it on level 10 of the Dungeon)

   Dex+2:     It affects your dexterity (+2).
   Fly:       It grants you flight.
   rCorr:     It protects you from acid and corrosion.
 z - a +2 cloak of willpower (worn)
 F - a +0 kite shield (worn)
Jewellery
 c - an amulet of regeneration (around neck)
 g - a ring of positive energy (left hand)
 u - a +5 ring of evasion (right hand)
 H - a ring of resist corrosion
 I - a ring of see invisible
Wands
 k - a wand of paralysis (21)
 r - a wand of quicksilver (9)
 x - a wand of digging (3)
 y - a wand of roots (9)
Scrolls
 i - 2 scrolls of teleportation
 q - 3 scrolls of fog
 t - 2 scrolls of identify
 B - a scroll of immolation
 D - 4 scrolls of revelation
 E - a scroll of poison
Potions
 d - 2 potions of magic
 f - 2 potions of enlightenment
 j - 7 potions of curing
 l - 3 potions of might
 o - 2 potions of haste
 s - 4 potions of mutation
 A - a potion of invisibility {unknown}


   Skills:
 + Level 11.7 Fighting
 + Level 14.9 Axes
 + Level 2.1(10.7) Maces & Flails
 + Level 0.1 Throwing
 + Level 10.2 Armour
 + Level 5.3 Dodging
 + Level 2.0 Stealth
 + Level 5.6 Shields


You had 12 spell levels left.
You didn't know any spells.
Your spell library was empty.

Dungeon Overview and Level Annotations

Branches:
Dungeon (11/15)            Temple (0/1) D:5            Lair (1/5) D:11
  Sewer (visited)         Ossuary (visited)
    Orc: D:9-12

Altars:
Ashenzari
Dithmenos
Elyvilon
Fedhas
Gozag
Kikubaaqudgha
Makhleb
Nemelex Xobeh
Ru
Trog
Vehumet
Wu Jian
Zin
The Shining One
Lugonu

Shops:
D:3 *   D:9 !

Portals:
Abyss: D:1

Annotations:
Lair:1 1 runed translucent door, Erica, Sonja
Abyss:3 2 transporters


Innate Abilities, Weirdness & Mutations

You are immune to sickness and miasma.
Your stone body is resilient. (AC +9)
You are immune to poison.
You resist negative energy. (rN+)
You are resistant to electric shocks. (rElec)
You are resistant to unholy torment.
You are immune to petrification.
You are partially covered in iridescent scales. (AC +2)
Your mind is acute. (Int +4, Str/Dex -1)
Armour fits poorly on your strangely shaped body.
Your magical capacity is low. (-10% MP)
[You are very frail. (-20% HP)]


Message History

Tentacles burst from the starspawn's body!
The tentacled starspawn is engulfed in seething chaos.
The tentacled starspawn seems to slow down.
The tentacled starspawn bites you!!
The tentacled starspawn tentacle-slaps you but does no damage.
A starcursed mass splits.
The apocalypse crab is engulfed in seething chaos.
The apocalypse crab is moving more slowly.
The apocalypse crab breathes chaos at you.
The blast of chaos engulfs you but does no damage.
The neqoxec is engulfed in seething chaos.
The neqoxec gestures at you.
Strange energies course through your body.
Your body twists and deforms. 2 starspawn tentacles come into view.
You are engulfed in seething chaos.
The tentacled starspawn is no longer moving slowly.
The small abomination is engulfed in seething chaos.
The small abomination hits the wretched star!
The small abomination hits itself!
The wretched star is engulfed in seething chaos.
The wretched star suddenly seems more resistant.
The large abomination is engulfed in seething chaos.
The large abomination hits you.
The neqoxec is engulfed in seething chaos.
The neqoxec seems to grow stronger.
The neqoxec gestures at you.
Something tries to feed on your intellect!
Tentacles burst from the starspawn's body! x2
The large abomination is engulfed in seething chaos.
The large abomination seems to grow stronger. 4 starspawn tentacles come into view.
The manticore changes into a redback!
The tentacled starspawn bites you but does no damage.
The tentacled starspawn tentacle-slaps you.
The large abomination barely misses you.
The small abomination hits the starcursed mass!
The starcursed mass is destroyed!
The large abomination hits you!!
You die...

#. ####. #
..... ##. #...#
##
#.?*##...###©)#
#....##©##..#
#...###.ww#
#..X@XtX#
##XX3*x##
#..x..#


#wWXXX# .X.©..m .Xw###..z sww##©##... .).##...##..! You could see 3 starcursed
masses, 5 tentacled starspawn, a wretched star (resistant, paralysed), a
merfolk, an apocalypse crab (petrifying), 2 large abominations, a neqoxec
(strong), a wraith, a redback shaped shifter, 2 small abominations, 6 starspawn
tentacles, a wight and a lurking horror.

Vanquished Creatures
  A lich (Abyss:1)
  2 tentacled starspawn (Abyss:1)
  A deep elf sorcerer (Abyss:1)
  A starcursed mass (Abyss:1)
  2 hydras (Lair:1)
  2 two-headed ogres
  A shadow demon (Abyss:1)
  An ugly thing (D:11)
  Maurice (D:8)
  A smoke demon (Abyss:1)
  2 cane toads (Lair:1)
  A rime drake (D:11)
  A kobold demonologist (D:8)
  An ancient zyme (Abyss:1)
  An unseen horror (D:11)
  4 komodo dragons
  3 meliai (D:10)
  2 polar bears
  A raiju (Abyss:1)
  6 hornets
  6 blink frogs
  2 wyverns (D:10)
  3 shadows
  24 yaks
  2 ynoxinuls (Abyss:1)
  3 wraiths
  A steam dragon (D:6)
  2 vampire mosquitoes (D:5)
  4 large abominations (Abyss:1)
  Edmund (D:5)
  2 acid dragons
  4 hell hounds (Abyss:1)
  2 water moccasins
  A floating eye (D:10)
  3 sky beasts
  A black bear (D:6)
  5 ice beasts
  5 orc warriors
  An ogre (D:6)
  4 wolves
  4 centaurs
  4 phantoms
  14 kobold brigands
  2 small abominations (Abyss:1)
  5 bullfrogs
  2 gnoll sergeants
  2 scorpions
  15 wights
  5 killer bees (D:8)
  4 howler monkeys
  2 crimson imps (D:1)
  2 quasits
  Crazy Yiuf (D:3)
  2 hounds
  2 jellies
  6 orc priests
  2 iron imps (D:1)
  2 sleepcaps (D:7)
  4 iguanas
  15 orc wizards
  5 hell rats (Lair:1)
  3 mummies (Ossuary)
  13 gnolls
  2 river rats (Sewer)
  12 adders
  3 shadow imps (D:1)
  3 white imps
  3 ufetubi
  2 worms
  2 dart slugs (D:1)
  39 orcs
  7 ball pythons
  7 bats
  6 endoplasms
  3 giant cockroaches
  7 hobgoblins
  10 jackals
  A quokka (D:3)
  4 frilled lizards
  A gnoll zombie (Ossuary)
  6 goblins
  4 hobgoblin zombies (Ossuary)
  33 kobolds
  A kobold zombie (Ossuary)
  5 rats
  3 starspawn tentacles (Abyss:1)
391 creatures vanquished.

Vanquished Creatures (collateral kills)
  An ogre mage (D:10)
  2 cane toads (Lair:1)
  A gnoll sergeant (D:8)
  A gnoll (D:8)
5 creatures vanquished.

Vanquished Creatures (others)
  A starcursed mass (Abyss:3)
  7 starspawn tentacles
8 creatures vanquished.

Grand Total: 404 creatures vanquished

Notes
Turn   | Place    | Note
-------+----------+-------------------------------------------
     0 | D:1      | Gargoyl the Gargoyle Berserker began the quest for the Orb.
     0 | D:1      | Reached XP level 1. HP: 14/14 MP: 1/1
    15 | D:1      | You fall into a shaft and drop 1 floor!
    30 | D:2      | Reached XP level 2. HP: 17/19 MP: 2/2
   108 | D:2      | Reached skill level 3 in Axes
   166 | D:2      | Reached XP level 3. HP: 19/24 MP: 3/3
   518 | D:1      | Reached XP level 4. HP: 29/29 MP: 4/4
   519 | D:1      | Found a large runed translucent door.
   520 | D:1      | Found a large runed translucent door.
   523 | D:1      | Found a corrupted altar of Lugonu.
   523 | D:1      | Found a one-way gate to the infinite horrors of the Abyss.
   737 | D:1      | Reached ** piety under Trog
   996 | D:1      | Found a faded altar of an unknown god.
  1129 | D:1      | Reached XP level 5. HP: 34/34 MP: 5/5
  1136 | D:1      | Reached skill level 4 in Axes
  1138 | D:1      | Reached skill level 5 in Fighting
  1141 | D:1      | Reached XP level 6. HP: 29/40 MP: 6/6
  1577 | D:3      | Found an ancient bone altar of Kikubaaqudgha.
  1615 | D:3      | Found an ornate altar of the Wu Jian Council.
  1615 | D:3      | Found a glowing golden altar of the Shining One.
  1706 | D:3      | Found a burning altar of Makhleb.
  1722 | D:3      | Found Nakeif's General Store.
  1736 | D:3      | Bought a potion of curing for 36 gold pieces
  2090 | D:3      | Reached *** piety under Trog
  2092 | D:3      | Reached XP level 7. HP: 44/44 MP: 7/7
  2154 | D:3      | Found a sparkling altar of Nemelex Xobeh.
  2213 | D:3      | Found a runed translucent door.
  2214 | D:3      | Noticed Crazy Yiuf
  2221 | D:3      | Killed Crazy Yiuf
  2294 | D:4      | Found a sacrificial altar of Ru.
  2407 | D:4      | Reached skill level 5 in Axes
  2407 | D:4      | Reached skill level 1 in Stealth
  2601 | D:4      | Found a shadowy altar of Dithmenos.
  2639 | D:4      | Found a sand-covered staircase.
  2670 | Ossuary  | Entered an ossuary
  2670 | Ossuary  | Noticed a wraith
  2670 | Ossuary  | Noticed a wraith
  2670 | Ossuary  | Noticed a wraith
  2768 | Ossuary  | Noticed a wraith
  2784 | Ossuary  | Killed a wraith
  3555 | D:4      | Reached skill level 6 in Axes
  3555 | D:4      | Reached XP level 8. HP: 51/51 MP: 8/8
  3683 | D:5      | Entered Level 5 of the Dungeon
  3719 | D:5      | Noticed Edmund
  3728 | D:5      | Killed Edmund
  3896 | D:5      | Reached skill level 7 in Axes
  4050 | D:5      | Reached skill level 5 in Armour
  4305 | D:5      | Found a staircase to the Ecumenical Temple.
  4389 | D:5      | Found a white marble altar of Elyvilon.
  4478 | D:5      | Reached XP level 9. HP: 56/56 MP: 9/9
  4728 | D:6      | Reached **** piety under Trog
  4729 | D:6      | Reached skill level 8 in Axes
  5114 | D:6      | Found a glowing drain.
  5118 | Sewer    | Entered a sewer
  5250 | Sewer    | Found a glowing silver altar of Zin.
  5479 | D:7      | Reached skill level 9 in Axes
  5490 | D:7      | Found a blossoming altar of Fedhas.
  5533 | D:7      | Found a radiant altar of Vehumet.
  5751 | D:7      | Reached XP level 10. HP: 64/64 MP: 10/10
  5794 | D:7      | Noticed a two-headed ogre
  5803 | D:7      | Killed a two-headed ogre
  5804 | D:7      | Reached skill level 10 in Axes
  5903 | D:7      | Found an opulent altar of Gozag.
  5941 | D:7      | Found a glowing silver altar of Zin.
  6453 | D:8      | Noticed a kobold demonologist
  6466 | D:8      | Noticed a rust devil
  6467 | D:8      | Noticed a soul eater
  6469 | D:8      | Killed a kobold demonologist
  6584 | D:8      | Noticed Maurice
  6607 | D:8      | Killed Maurice
  6673 | D:8      | Reached skill level 11 in Axes
  6711 | D:8      | Found a broken altar of Ashenzari.
  7184 | D:9      | Reached XP level 11. HP: 69/69 MP: 11/11
  7229 | D:9      | Found Icoimaw's Distillery.
  7254 | D:9      | Bought a potion of mutation for 104 gold pieces
  7254 | D:9      | Bought a potion of mutation for 104 gold pieces
  7254 | D:9      | Gained mutation: Your magical capacity is low. (-10% MP)
                  | [potion of mutation]
  7254 | D:9      | Gained mutation: Your mind is acute. (Int +4, Str/Dex -1)
                  | [potion of mutation]
  7254 | D:9      | Gained mutation: You are partially covered in iridescent
                  | scales. (AC +2) [potion of mutation]
  7798 | D:10     | Entered Level 10 of the Dungeon
  7912 | D:10     | Identified the +0 scale mail of the Akabeko {Fly rCorr
                  | Dex+2}
  8201 | D:10     | Reached skill level 12 in Axes
  8339 | D:10     | Found a bloodstained altar of Trog.
  8510 | D:10     | Reached ***** piety under Trog
  8523 | D:10     | Noticed an ogre mage
  8533 | D:10     | Killed an ogre mage
  8580 | D:10     | Reached skill level 10 in Fighting
  8805 | D:11     | Noticed a two-headed ogre
  8820 | D:11     | Killed a two-headed ogre
  8821 | D:11     | Reached skill level 1 in Shields
  8830 | D:11     | Reached XP level 12. HP: 77/77 MP: 10/10
  8851 | D:11     | Reached skill level 13 in Axes
  8912 | D:11     | Found a staircase to the Lair.
  9168 | Lair:1   | Entered Level 1 of the Lair of Beasts
  9306 | Lair:1   | Noticed a seven-headed hydra
  9317 | Lair:1   | Killed a seven-headed hydra
  9343 | Lair:1   | Noticed a six-headed hydra
  9352 | Lair:1   | Killed a six-headed hydra
  9398 | Lair:1   | Found a runed translucent door.
  9422 | Lair:1   | Noticed a dire elephant
  9422 | Lair:1   | Noticed a dire elephant
  9463 | Lair:1   | Reached skill level 1 in Maces & Flails
  9475 | Lair:1   | Reached skill level 14 in Axes
  9475 | Lair:1   | Reached skill level 5 in Dodging
  9526 | Lair:1   | Noticed Erica
  9526 | Lair:1   | Noticed Sonja
  9531 | Abyss:1  | Cast into level 1 of the Abyss (Sonja)
  9572 | Abyss:1  | Noticed a tentacled starspawn
  9581 | Abyss:1  | Killed a tentacled starspawn
  9582 | Abyss:1  | Reached XP level 13. HP: 84/84 MP: 11/11
  9622 | Abyss:1  | Noticed a tentacled starspawn
  9640 | Abyss:1  | Killed a tentacled starspawn
  9641 | Abyss:1  | Reached skill level 10 in Armour
  9692 | Abyss:1  | Noticed a starcursed mass
  9705 | Abyss:1  | Killed a starcursed mass
  9721 | Abyss:1  | Reached skill level 5 in Shields
  9727 | Abyss:1  | Found a corrupted altar of Lugonu.
 10061 | Abyss:1  | Noticed a deep elf sorcerer
 10075 | Abyss:1  | Killed a deep elf sorcerer
 10152 | Abyss:1  | Found a corrupted altar of Lugonu.
 10161 | Abyss:1  | Noticed a lich
 10174 | Abyss:1  | Killed a lich
 10184 | Abyss:1  | Gained mutation: You are strong-willed. (Will+) [a neqoxec]
 10187 | Abyss:1  | Lost mutation: You are strong-willed. (Will+) [a neqoxec]
 10278 | Abyss:3  | Noticed a tentacled starspawn
 10278 | Abyss:3  | Noticed a tentacled starspawn
 10278 | Abyss:3  | Noticed a tentacled starspawn
 10278 | Abyss:3  | Noticed a starcursed mass
 10278 | Abyss:3  | Noticed a tentacled starspawn
 10278 | Abyss:3  | Found a corrupted altar of Lugonu.
 10278 | Abyss:3  | Found a transporter.
 10278 | Abyss:3  | Found a transporter.
 10279 | Abyss:3  | Noticed a tentacled starspawn
 10281 | Abyss:3  | Paralysed by you for 5 turns
 10281 | Abyss:3  | Gained mutation: Armour fits poorly on your strangely
                  | shaped body. [a neqoxec]
 10283 | Abyss:3  | Slain by a large abomination

Illustrated notes

Levels and vault maps discovered:
D:1:      erik_arrival_cave_to_civilisation [erik_arrival_cave_to_temple],
          layout_basic, ebering_ecumenical_altar_mist, minivault_14
D:2:      layout_basic, nicolae_concentric_dashed_squares_mild, st_stairs_14
D:3:      layout_loops_cross, lightli_temple_of_fire,
          nemelex_diamond_rough_becter, mainiacjoe_overflow_24_doors,
          chequers_temple_overflow_statue_of_worship, serial_shops, shop,
          minivault_4, minmay_misc_feat_five, uniq_crazy_yiuf_cottage
D:4:      layout_loops_corners, mainiacjoe_overflow_tiny_flanked,
          nicolae_dithmenos_the_darkroom, nicolae_ossuary_entry_monument,
          dreamdust_mushroom_princess
D:5:      layout_loops_ring, general_overflow_altar,
          minmay_temple_entry_nine_rooms, dk_noncrumbling_4, uniq_edmund
D:6:      layout_rooms, gup_sewer_entry_spiral
D:7:      layout_gridville, pdpol_temple_overflow_zin_treasury_gozag_greed,
          lemuel_doored_altar, nicolae_vehumet_altar_sigil, st_stairs_6,
          hellmonk_no_cap
D:8:      cheibrodos_iron_armory, layout_loops_ring,
          ashenzari_conservatory_becter, special_room [special_room_kobold],
          uniq_maurice
D:9:      layout_rooms, serial_shops, shop
D:10:     hellmonk_paralyzer, layout_stronghold, lemuel_coloured_pillars_altar,
          kennysheep_cross_room
D:11:     layout_rooms, hellmonk_lair_entry_icy
Lair:1:   gammafunk_lair_enchanted_lake, layout_chaotic_city,
          pdpol_lair_neglected_garden, minivault_23, grunt_megastairs_4,
          uniq_erica, uniq_amaemon, uniq_sonja
Abyss:3:  base: D:11, evilmike_abyss_exit_5, gammafunk_corrupted_shrine

Skill      XL: |  1  2  3  4  5  6  7  8  9 10 11 12 13 |
---------------+----------------------------------------+-----
Axes           | 3 4 6 7 9 11 12 14 | 14.9
Fighting       | 4 5 6 7 8 10 11 | 11.7
Dodging        | 2 3 4 5 |  5.3
Stealth        | 1 2 |  2.0
Armour         | 3 5 6 7 9 10 | 10.2
Shields        | 1 4 5 |  5.6
Maces & Flails | 2 |  2.1
Throwing       | |  0.1

Action                     |  1- 3 |  4- 6 |  7- 9 | 10-12 | 13-15 || total
---------------------------+-------+-------+-------+-------+-------++-------
  Melee: Hand axe          |    75 |   130 |   446 |   432 |       ||  1083
         Punch             |       |       |     4 |     4 |       ||     8
         Broad axe         |       |       |       |   132 |   145 ||   277
         Flail             |       |       |       |    12 |       ||    12
  Throw: Dart              |       |       |       |       |     1 ||     1
 Invoke: Berserk           |     1 |     2 |    10 |    19 |     3 ||    35
         Trog's Hand       |       |     2 |     1 |    13 |     7 ||    23
         Brothers in Arms  |       |       |       |     6 |       ||     6
    Use: Scroll            |     1 |     4 |    12 |     9 |     5 ||    31
         Potion            |       |     3 |       |     1 |     3 ||     7
 Armour: Animal skin       |    51 |    64 |       |       |       ||   115
         Scale mail        |       |    33 |   125 |   218 |    52 ||   428
         Chain mail        |       |       |    60 |       |       ||    60
         Plate armour      |       |       |    70 |   312 |       ||   382
  Dodge: Dodged            |    70 |   152 |   192 |   312 |    76 ||   802
  Block: Kite shield       |       |       |       |   114 |    56 ||   170

Table legend: (Time is in decaauts)
 A = Elapsed time spent in this place.
 B = Non-inter-level travel time spent in this place.
 C = Inter-level travel time spent in this place.
 D = Time resting spent in this place.
 E = Time spent auto-exploring this place.
 F = Levels seen in this place.
 G = Mean time per level.
                   A        B        C        D        E       F      G
               +--------+--------+--------+--------+--------+-----+--------+
         Total |  10605 |  10228 |    377 |    222 |   6759 |  17 |  623.8 |
       Dungeon |   8693 |   8316 |    377 |     31 |   5824 |  11 |  790.3 |
          Lair |    389 |    389 |      0 |     47 |    157 |   1 |  389.0 |
         Abyss |    801 |    801 |      0 |     92 |    387 |   3 |  267.0 |
         Sewer |    262 |    262 |      0 |      0 |    120 |   1 |  262.0 |
       Ossuary |    459 |    459 |      0 |     52 |    271 |   1 |  459.0 |
               +--------+--------+--------+--------+--------+-----+--------+

Top non-repeatable levels by time:
     D:7: 972 daAuts
     D:4: 964 daAuts
    D:10: 952 daAuts
     D:5: 936 daAuts
     D:8: 823 daAuts
     D:3: 818 daAuts
     D:1: 795 daAuts
     D:2: 737 daAuts
 Abyss:1: 712 daAuts
     D:6: 625 daAuts
     D:9: 621 daAuts
 Ossuary: 459 daAuts
    D:11: 446 daAuts
  Lair:1: 389 daAuts
   Sewer: 262 daAuts
